 Dungeon Crawl Stone Soup version 0.25-a0-310-g60f0ac2d9a (webtiles) character file.

Game seed: 3262596164777361093, levelgen mode: classic

552100 Borgoz the Slayer (level 26, -1/179 HPs)
             Began as a Gargoyle Fighter on Dec 23, 2019.
             Was the Champion of Ashenzari.
             Killed by divine providence
             ... invoked by a smoke demon
             ... summoned by a mummy priest
              (14 damage)
             ... on level 3 of the Tomb of the Ancients.
             The game lasted 02:43:43 (60447 turns).

Borgoz the Slayer (Gargoyle Fighter)               Turns: 60447, Time: 02:43:44

Health: -1/179     AC: 45    Str: 20 (23) XL:     26   Next: 35%
Magic:  30/30      EV: 28    Int: 12 (13) God:    Ashenzari [******]
Gold:   3137       SH:  0    Dex: 24      Spells: 31/35 levels left

rFire    + . .     SeeInvis +   a - +10 dark maul {crush} (curse)
rCold    + + .     Gourm    .   (shield currently unavailable)
rNeg     + + +     Faith    .   h - +2 scale mail "Ygetwo Ulytt" {Slay+3 SInv Stlth+}
rPois    ∞         Spirit   .   I - +1 helmet "Obuol" {Dex+4} (curse)
rElec    +         Reflect  .   P - +0 cloak of the Devil's Advocate {Slay+3} (curse)
rCorr    .         Harm     .   J - +2 pair of gloves of Anwocies {+Blink rC+ Int+3} (curse)
MR       ++++.     Clarity  +   d - +0 pair of boots of Noughts and Crosses {rElec rN+ Dex+3} (curse)
Stlth    +++.......             G - amulet of the Four Winds {rN+ MR+++ Clar}
HPRegen  0.39/turn              p - ring of protection from fire
MPRegen  0.22/turn              V - ring "Doukoen" {*Drain +Fly rElec rC+ Slay+5}

@: flying, slowed, very slow
A: big wings, negative energy resistance 1, electricity resistance, unbreathing,
petrification resistance, rot immunity, AC +20
}: 3/15 runes: decaying, silver, gossamer
a: Stop Flying, Curse Item, Scrying, Transfer Knowledge, Renounce Religion,
Evoke Blink


You were on level 3 of the Tomb of the Ancients.
You worshipped Ashenzari.
Ashenzari was exalted by your worship.
You were not hungry.

You visited 10 branches of the dungeon, and saw 46 of its levels.
You visited the Abyss 1 time.
You also visited: Trove, Ossuary, Bailey, Gauntlet and Ice Cave.

You collected 7630 gold pieces.
You spent 4493 gold pieces at shops.

Inventory:

Hand Weapons
 a - the cursed +10 dark maul (weapon) {crush}
   (You found it on level 2 of the Swamp)

   It inflicts extra damage upon your enemies.
   It has a curse placed upon it.
Missiles
 w - 5 throwing nets (quivered)
Armour
 d - the cursed +0 pair of boots of Noughts and Crosses (worn) {rElec rN+ Dex+3}
   (You found it in a Gauntlet)

   It affects your dexterity (+3).
   It insulates you from electricity.
   It protects you from negative energy.
   It has a curse placed upon it.
 h - the +2 scale mail "Ygetwo Ulytt" (worn) {Slay+3 SInv Stlth+}
   (You bought it in a shop on level 4 of the Vaults)

   It affects your accuracy and damage with ranged weapons and melee attacks
   (+3).
   It lets you see invisible.
   It makes you more stealthy.
 I - the cursed +1 helmet "Obuol" (worn) {Dex+4}
   (You found it in a treasure trove)

   It affects your dexterity (+4).
   It has a curse placed upon it.
 J - the cursed +2 pair of gloves of Anwocies (worn) {+Blink rC+ Int+3}
   (You found it in a treasure trove)

   It affects your intelligence (+3).
   It protects you from cold.
   It lets you blink.
   It has a curse placed upon it.
 P - the cursed +0 cloak of the Devil's Advocate (worn) {Slay+3}
   (You found it in a Gauntlet)

   It affects your accuracy and damage with ranged weapons and melee attacks
   (+3).
   It has a curse placed upon it.
Jewellery
 p - a ring of protection from fire (left hand)
 s - an uncursed amulet of guardian spirit
 t - an uncursed ring of resist corrosion
 y - an uncursed ring of protection from fire
 G - the amulet of the Four Winds (around neck) {rN+ MR+++ Clar}
   (You took it off a deep elf archer on level 3 of the Elven Halls)

   [amulet of nothing]

   It protects you from negative energy.
   It affects your resistance to hostile enchantments.
   It protects you against confusion.
 S - an uncursed amulet of rage
 V - the ring "Doukoen" (right hand) {*Drain +Fly rElec rC+ Slay+5}
   (You bought it in a shop on level 5 of the Vaults)

   [ring of flight]

   It affects your accuracy and damage with ranged weapons and melee attacks
   (+5).
   It protects you from cold.
   It insulates you from electricity.
   It lets you fly.
   It causes draining when unequipped.
Wands
 b - a wand of polymorph (9)
 x - a wand of acid (12)
 C - a wand of digging (27)
 D - a wand of disintegration (68)
 E - a wand of iceblast (25)
 M - a wand of paralysis (24)
Scrolls
 c - a scroll of enchant armour
 e - a scroll of identify
 j - 7 scrolls of teleportation
 l - 10 scrolls of blinking
 m - 13 scrolls of remove curse
 o - 7 scrolls of fog
 q - a scroll of fear
 H - 2 scrolls of summoning
 K - 3 scrolls of holy word
 O - 2 scrolls of silence
Potions
 g - 5 potions of cancellation
 r - 10 potions of haste
 u - 10 potions of might
 v - 2 potions of berserk rage
 F - 9 potions of curing
 Q - 11 potions of heal wounds
 R - a potion of invisibility
 T - 3 potions of agility
 X - 4 potions of resistance
 Z - 3 potions of ambrosia
Comestibles
 f - 75 rations


   Skills:
 + Level 21.6 Fighting
   Level 13.2(13.6) Short Blades
   Level 5.9(10.4) Long Blades
 * Level 20.6(25.3) Maces & Flails
 + Level 20.4(22.6) Armour
 + Level 18.0(20.3) Dodging
 - Level 5.0 Stealth
   Level 11.1 Shields
 - Level 5.0 Spellcasting
 - Level 7.3 Hexes
 - Level 5.0 Evocations


You had 31 spell levels left.
You knew the following spells:

 Your Spells              Type           Power        Failure   Level  Hunger
a - Confusing Touch       Hex            ###...       1%          1    None
b - Confuse               Hex            ###.....     5%          3    ###....

Your spell library contained the following spells:

 Spells                   Type           Power        Failure   Level  Hunger
 Corona                   Hex            ###....      1%          1    None
 Slow                     Hex            ###.....     2%          2    ##.....
 Tukima's Dance           Hex            ###.....     5%          3    ###....
 Ensorcelled Hibernation  Hex/Ice        ##....       12%         2    ##.....
 Cause Fear               Hex            ###.......   17%         4    ####...
 Dazzling Flash           Conj/Hex       ##....       24%         3    ###....
 Inner Flame              Hex/Fire       ##......     24%         3    ###....
 Portal Projectile        Hex/Tloc       ##....       24%         3    ###....
 Spectral Weapon          Hex/Chrm       ##......     24%         3    ###....
 Summon Guardian Golem    Hex/Summ       ##......     24%         3    ###....
 Freeze                   Ice            #...         34%         1    None
 Magic Dart               Conj           #...         34%         1    None
 Sandblast                Erth           #.....       34%         1    None
 Shock                    Conj/Air       #...         34%         1    None
 Sting                    Tmut/Pois      #...         34%         1    None
 Summon Small Mammal      Summ           #...         34%         1    None
 Blink                    Tloc           N/A          45%         2    ##.....
 Call Imp                 Summ           #.......     45%         2    ##.....
 Corpse Rot               Necr/Air       N/A          45%         2    ##.....
 Passwall                 Tmut/Erth      #.......     45%         2    ##.....
 Poisonous Vapours        Pois/Air       #.....       45%         2    ##.....
 Shroud of Golubria       Chrm/Tloc      #.....       45%         2    ##.....
 Swiftness                Chrm/Air       #.......     45%         2    ##.....
 Leda's Liquefaction      Hex/Erth       ##........   61%         4    ####...
 Call Canine Familiar     Summ           #.......     71%         3    ###....
 Conjure Flame            Conj/Fire      #.......     71%         3    ###....
 Gell's Gravitas          Tloc           #.........   71%         3    ###....
 Ignite Poison            Fire/Tmut/Pois #.......     71%         3    ###....
 Mephitic Cloud           Conj/Pois/Air  #.......     71%         3    ###....
 Ozocubu's Armour         Chrm/Ice       #.......     71%         3    ###....
 Recall                   Summ/Tloc      N/A          71%         3    ###....
 Static Discharge         Conj/Air       #.......     71%         3    ###....
 Stone Arrow              Conj/Erth      #.....       71%         3    ###....
 Metabolic Englaciation   Hex/Ice        ##........   91%         5    ######.
 Silence                  Hex/Air        ##........   91%         5    ######.
 Yara's Violent Unravell  Hex/Tmut       ##........   91%         5    ######.
 Darkness                 Hex            ###.......   95%         6    #######
 Invisibility             Hex            ###.....     95%         6    #######
 Airstrike                Air            #.........   98%         4    ####...
 Animate Dead             Necr           N/A          98%         4    ####...
 Ice Form                 Ice/Tmut       #.......     98%         4    ####...
 Olgreb's Toxic Radiance  Pois           #.......     98%         4    ####...
 Passage of Golubria      Tloc           N/A          98%         4    ####...
 Petrify                  Tmut/Erth      #.......     98%         4    ####...
 Summon Ice Beast         Ice/Summ       #.......     98%         4    ####...
 Alistair's Intoxication  Tmut/Pois      #.......     100%        5    ######.
 Aura of Abjuration       Summ           #.........   100%        5    ######.
 Bolt of Magma            Conj/Fire/Erth #.........   100%        5    ######.
 Borgnjor's Vile Clutch   Necr/Erth      #.........   100%        5    ######.
 Excruciating Wounds      Chrm/Necr      #.........   100%        5    ######.
 Iskenderun's Battlesphe  Conj/Chrm      #.......     100%        5    ######.
 Lee's Rapid Deconstruct  Erth           #.........   100%        5    ######.
 Lightning Bolt           Conj/Air       #.........   100%        5    ######.
 Summon Forest            Summ/Tloc      #.........   100%        5    ######.
 Death Channel            Necr           #.........   100%        6    #######
 Deflect Missiles         Chrm/Air       #.........   100%        6    #######
 Eringya's Noxious Bog    Tmut/Pois      #.........   100%        6    #######
 Freezing Cloud           Conj/Ice/Air   #.........   100%        6    #######
 Hydra Form               Tmut           #.........   100%        6    #######
 Iron Shot                Conj/Erth      #.........   100%        6    #######
 Ozocubu's Refrigeration  Ice            #.........   100%        6    #######
 Shadow Creatures         Summ           N/A          100%        6    #######
 Simulacrum               Ice/Necr       #.........   100%        6    #######
 Malign Gateway           Summ/Tloc      #.........   100%        7    #######
 Monstrous Menagerie      Summ           #.........   100%        7    #######
 Orb of Destruction       Conj           #.........   100%        7    #######
 Ring of Flames           Chrm/Fire      #.........   100%        7    #######
 Spellforged Servitor     Conj/Summ      #.........   100%        7    #######
 Summon Greater Demon     Summ           #.........   100%        7    #######
 Summon Hydra             Summ           #.........   100%        7    #######
 Chain Lightning          Conj/Air       #.........   100%        8    #######
 Discord                  Hex            ###.......   100%        8    #######
 Lehudib's Crystal Spear  Conj/Erth      #.........   100%        8    #######
 Summon Horrible Things   Summ           #.........   100%        8    #######
 Fire Storm               Conj/Fire      #.........   100%        9    #######
 Glaciate                 Conj/Ice       #.........   100%        9    #######
 Shatter                  Erth           #.........   100%        9    #######
 Statue Form              Tmut/Erth      Unusable     N/A         6    N/A

Dungeon Overview and Level Annotations

Branches:
Dungeon (15/15)            Temple (1/1) D:4            Lair (6/6) D:9
  Swamp (4/4) Lair:2       Spider (4/4) Lair:2        Slime (0/5) Lair:5
    Orc (2/2) D:9             Elf (3/3) Orc:2        Vaults (5/5) D:13
  Crypt (3/3) Vaults:3       Tomb (3/3) Crypt:3      Depths (0/5) D:15
Ossuary (visited)          Bailey (visited)           IceCv (visited)
Gauntlet (visited)

Altars:
Ashenzari
Cheibriados
Dithmenos
Elyvilon
Fedhas
Gozag
Hepliaklqana
Kikubaaqudgha
Makhleb
Nemelex Xobeh
Okawaru
Qazlal
Ru
Sif Muna
Trog
Uskayaw
Vehumet
Wu Jian
Xom
Yredelemnul
Zin
The Shining One
Beogh

Shops:
D:4 ??   D:5 ?   D:11 [   Orc:1 }   Orc:2 }(::   Vaults:1 [}   Vaults:2 !
Vaults:3 *   Vaults:4 [   Vaults:5 =

Annotations:
Tomb:3 Mennas


Innate Abilities, Weirdness & Mutations

You are resistant to torment.
Your stone body is resilient. (AC +20)
You are immune to poison.
Your large and strong wings let you fly indefinitely.
You resist negative energy. (rN+)
You are resistant to electric shocks. (rElec)
You can survive without breathing.
You are immune to petrification.
You are immune to rotting.


Message History

Something reaches out for you...
You hear an angry growl.
The death scarab bites you but does no damage.
The death scarab barely misses you. The bennu misses you.
The bennu completely misses you. x2
The death scarab bites you but does no damage.
The bennu pecks you but does no damage.
The bennu claws you but does no damage. x2
The mummy priest invokes the aid of its god against you.
Something smites you!
* * * LOW HITPOINT WARNING * * *
The guardian mummy misses you. The bennu completely misses you.
The bennu claws you!
* * * LOW HITPOINT WARNING * * *
The bennu closely misses you.
The neqoxec gestures.
The death scarab completely misses you. The crimson imp drops a net on you.
A net drops to the ground!
The smoke demon gestures at you. Something smites you!
You die...

*** ######## ###### , ∆∆**
#.†..††# ##...$}##
,∆∆∆**#......###Ms..$:|## ,
∆,, *#^...{{##@3MM$$:":##
∆∆,, #†..{{{##sbMn5$$)))##
,,∆,,,,#.§{{{{#MMMz3.$$==|?##
,,, ,,#.§†.{{#M3MM4.!$$)})|##
, {
∆,+..†{{{MMMzn3...$})||:## ∆
,#§§.{MM#3Z5.....$$)==))# ∆ ,
,#..§§{M#.Z†......$$$$")# ,
,*#s§...§##5........$$)$[# ,,
##.{....##..?........$$$#


You could see a bennu, 2 mummy priests, a soul eater, 11 guardian mummies, a
sixfirhy, a smoke demon, a neqoxec, a ynoxinul, 2 death scarabs, a red devil, 2
necrophages, a flying skull, 2 mummies, an iron imp, a wight, a quasit, a
crimson imp, a four-headed hydra simulacrum and a merfolk skeleton.

Vanquished Creatures
  Khufu (Crypt:3)
  Mara (Crypt:2)
  2 ancient liches
  2 greater mummies
  Frederick (Crypt:2)
  Xtahua (Crypt:2)
  A profane servitor (Crypt:3)
  A golden dragon (Vaults:5)
  The ghost of Rov Woulue the Black Belt, an adept MfTm of Cheibriados (Vaults:2)
  A bone dragon (Crypt:3)
  4 liches
  3 tentacled monstrosities (Vaults:5)
  Jorgrun (Orc:1)
  Asterion (Elf:2)
  6 titans
  A quicksilver dragon (Vaults:5)
  3 deep elf blademasters
  The ghost of Muon Kaw the Nimble, an adept GnGl of Makhleb (Vaults:1)
  2 deep elf master archers (Elf:3)
  4 ancient champions
  4 thorn hunters
  9 sphinxes
  Frances (Swamp:1)
  The ghost of Lihy the Peltast, an adept MiFi of the Shining One (Spider:2)
  6 shadow dragons (Vaults:5)
  2 storm dragons (Vaults:5)
  5 tengu reavers
  The ghost of Cathule the Grappler, a journeyman TrHu of Okawaru (Spider:2)
  3 revenants
  Donald (Swamp:3)
  8 fire giants
  A frost giant (Vaults:4)
  3 ghost moths (Spider:4)
  Aizul (Swamp:3)
  5 deep elf elementalists (Elf:3)
  8 deep elf sorcerers
  14 vault wardens
  An iron dragon (Vaults:5)
  Louise (Elf:1)
  3 orc warlords
  2 curse skulls
  7 emperor scorpions
  10 ghouls
  9 entropy weavers
  The ghost of jt the Peltast, a journeyman GrFi of Elyvilon (Swamp:2)
  8 vampire knights
  3 bennus
  16 ironheart preservers
  A very ugly thing (Vaults:4)
  10 deep elf demonologists
  A war gargoyle (Vaults:5)
  11 stone giants
  7 deep elf annihilators
  A minotaur (Gauntlet)
  A spark wasp (Spider:4)
  2 ettins
  Snorg (Orc:2)
  7 deep elf death magi
  4 fire dragons
  7 eidola
  3 deep elf high priests
  8 mummy priests
  3 rakshasas
  26 jiangshi
  36 vault guards
  A fire dragon (shapeshifter) (Vaults:5)
  12 yaktaur captains
  28 hydras
  3 ice dragons
  Fannar (Lair:2)
  3 shambling mangroves
  Harold (D:7)
  7 centaur warriors
  3 great orbs of eyes
  3 ghost crabs
  15 alligators
  A spectral frost giant (Crypt:3)
  A deep troll earth mage (Vaults:5)
  7 death knights
  10 ogre magi
  33 dancing weapons
  36 death scarabs
  18 two-headed ogres
  7 vampire magi
  2 titan zombies
  4 orc high priests (Orc:2)
  Urug (Lair:1)
  A storm dragon zombie (Crypt:1)
  Nergalle (D:11)
  Sonja (Lair:6)
  A large abomination (Crypt:3)
  A fire crab (Lair:6)
  2 titan skeletons
  27 deep elf knights
  7 shadow wraiths
  An anaconda zombie (Crypt:1)
  38 skeletal warriors
  A hell knight (Crypt:3)
  A golden dragon zombie (Vaults:5)
  7 deep trolls
  A sea snake (shapeshifter) (Vaults:5)
  An unseen horror (D:15)
  6 spriggan druids
  5 flayed ghosts
  2 unseen horrors (shapeshifter)
  4 wizards
  9 phantasmal warriors
  9 ironbrand convokers
  2 anaconda skeletons
  The ghost of grouchysmurf the Skirmisher, a novice MiAK of Lugonu (D:5)
  21 deep elf archers
  A shadow dragon zombie (Vaults:4)
  9 necromancers
  12 swamp dragons
  2 wolf spider zombies
  15 orc knights
  18 orb spiders
  8 orc sorcerers
  82 deep elf magi
  A wolf spider (shapeshifter) (Vaults:4)
  2 human zombies
  32 wolf spiders
  An iron dragon zombie (Tomb:3)
  A manticore (D:15)
  An iron dragon skeleton (Tomb:2)
  49 ugly things
  4 oklob plants (Lair:3)
  A shock serpent zombie (Crypt:1)
  4 moths of wrath
  The ghost of Borgoz the Skirmisher, a novice GrGl of Ashenzari (D:5)
  A moth of wrath (shapeshifter) (D:7)
  An elephant (Lair:4)
  4 cyclopes
  2 ice statues (IceCv)
  A rust devil (Tomb:3)
  2 frost giant skeletons
  6 black mambas
  A dire elephant zombie (Crypt:1)
  A storm dragon simulacrum (Crypt:1)
  Joseph (D:10)
  The ghost of argonath the Chopper, a novice HOSk of Okawaru (D:5)
  The ghost of emiel the Chopper, a novice CeFi (D:5)
  Maurice (D:11)
  14 spiny frogs
  2 spiny frogs (shapeshifter)
  17 vault sentinels
  2 molten gargoyles (Lair:6)
  3 rime drakes
  A black draconian zombie (Crypt:1)
  A yaktaur (shapeshifter) (D:15)
  The ghost of krystol the Sneak, a novice OpAs of Sif Muna (D:5)
  25 yaktaurs
  21 freezing wraiths
  9 demonic crawlers
  A rime drake (shapeshifter) (Vaults:4)
  11 komodo dragons
  13 ice devils (IceCv)
  32 jumping spiders
  A hydra zombie (Crypt:1)
  A human skeleton (Vaults:4)
  22 guardian mummies
  12 trolls
  A harpy zombie (Tomb:1)
  A meliai (shapeshifter) (Vaults:3)
  A shadow dragon simulacrum (Tomb:3)
  11 tyrant leeches
  3 meliai (D:15)
  3 hornets (shapeshifter)
  A wolf spider simulacrum (D:15)
  2 ettin zombies (Crypt:1)
  20 hornets
  A slime creature (shapeshifter) (Elf:3)
  Prince Ribbit (D:7)
  6 blink frogs
  A dream sheep (Lair:3)
  52 slime creatures
  A blink frog (shapeshifter) (Vaults:1)
  A fire dragon zombie (Crypt:2)
  A hippogriff (shapeshifter) (D:15)
  4 frost giant simulacra
  6 hippogriffs
  8 bog bodies
  9 spriggans
  3 small abominations (Crypt:3)
  A stone giant simulacrum (Vaults:3)
  3 air elementals
  An ice dragon skeleton (Crypt:2)
  21 tarantellas
  A fire dragon skeleton (Crypt:1)
  72 flying skulls
  A human (D:9)
  A water elemental (Elf:3)
  A tarantella (shapeshifter) (Elf:3)
  5 wyverns
  10 ushabtiu
  2 vampires (D:10)
  63 redbacks
  39 yaks
  11 shadows
  11 wraiths
  2 golden eyes (shapeshifter) (Gauntlet)
  3 elf skeletons
  A fire elemental (Elf:3)
  7 basilisks
  4 hogs (Swamp:2)
  14 vampire mosquitoes
  A steam dragon (shapeshifter) (Vaults:3)
  A human simulacrum (Vaults:3)
  3 steam dragons
  Menkaure (D:5)
  11 wargs
  4 insubstantial wisps (Swamp:2)
  An acid dragon (Vaults:1)
  4 hell hounds (Lair:6)
  16 swamp worms
  10 porcupines
  4 water moccasins
  Duvessa (D:7)
  Purgy (D:3)
  62 orc warriors
  17 swamp drakes
  3 sky beasts
  3 eyes of draining
  3 ice beasts
  2 phantoms
  39 ogres
  2 black bears
  6 necrophages
  A blink frog zombie (Crypt:2)
  A snapping turtle skeleton (Tomb:1)
  11 boggarts
  12 wolves
  20 centaurs
  A swamp dragon skeleton (Crypt:1)
  5 big kobolds
  18 crocodiles
  An orc skeleton (Vaults:1)
  A rime drake zombie (Crypt:1)
  Blork the orc (D:4)
  17 bullfrogs
  A wyvern zombie (D:15)
  Dowan (D:7)
  4 earth elementals
  A water moccasin zombie (D:7)
  7 scorpions
  A wyvern skeleton (D:9)
  A queen bee zombie (Crypt:2)
  A snapping turtle simulacrum (Crypt:1)
  A yak skeleton (Crypt:2)
  7 killer bees
  A polar bear skeleton (Crypt:1)
  25 wights
  6 electric eels
  7 crimson imps
  5 lava snakes (Lair:6)
  2 bullfrog zombies
  6 centaur zombies
  A quasit (D:12)
  11 jellies
  A soldier ant zombie (Crypt:1)
  5 centaur skeletons
  44 orc priests
  8 hounds
  5 bullfrog skeletons
  Jessica (D:7)
  A basilisk skeleton (Crypt:1)
  5 iguanas
  25 orc wizards
  7 hell rats (Lair:5)
  8 worker ants
  A killer bee zombie (D:7)
  An ogre zombie (Crypt:1)
  2 big kobold zombies (Ossuary)
  A dwarf skeleton (Crypt:2)
  A hound zombie (D:10)
  3 hound skeletons
  A naga skeleton (Crypt:1)
  31 mummies
  2 howler monkey zombies
  2 worker ant zombies (D:8)
  5 gnolls
  3 howler monkey skeletons
  18 adders
  10 shadow imps
  6 white imps (IceCv)
  7 ufetubi (IceCv)
  5 oozes
  An adder zombie (D:7)
  An adder skeleton (D:7)
  4 worms
  A dart slug (D:1)
  5 leopard geckos
  130 orcs
  5 giant cockroaches
  7 goblins
  14 hobgoblins
  26 jackals
  13 quokkas
  A ball python (D:3)
  10 bats
  2 frilled lizards (D:1)
  5 hobgoblin zombies (Ossuary)
  42 kobolds
  A leopard gecko zombie (D:6)
  7 rats
  A rat skeleton (Crypt:2)
  A river rat skeleton (Crypt:1)
  A briar patch (Swamp:1)
  2 crawling corpses (Vaults:5)
  A fungus (D:13)
  2 plants (Lair:1)
2380 creatures vanquished.

Vanquished Creatures (others)
  Kirke (Swamp:2)
  A vault warden (Vaults:4)
  3 stone giants (Vaults:2)
  A yaktaur captain (Vaults:2)
  A blizzard demon (IceCv)
  A vault guard (Vaults:5)
  A rakshasa (Vaults:3)
  An alligator (Swamp:3)
  A two-headed ogre (Vaults:2)
  2 deep elf knights
  2 deep elf archers (Elf:1)
  A cyclops (Vaults:2)
  A kobold demonologist (D:14)
  2 yaktaurs (Vaults:4)
  A spriggan (Swamp:3)
  A swamp drake (Swamp:4)
  A centaur (Vaults:4)
  An orc priest (Orc:2)
  A white imp (IceCv)
  4 ufetubi (IceCv)
  4 orcs
  2 jackals (D:5)
  A briar patch (Swamp:4)
  6 fungi
  22 plants
63 creatures vanquished.

Grand Total: 2443 creatures vanquished

Notes
Turn   | Place    | Note
-------+----------+-------------------------------------------
     0 | D:1      | Borgoz the Gargoyle Fighter began the quest for the Orb.
     0 | D:1      | Reached XP level 1. HP: 14/14 MP: 1/1
    68 | D:1      | Reached XP level 2. HP: 16/19 MP: 2/2
   277 | D:1      | Reached XP level 3. HP: 21/24 MP: 3/3
   971 | D:2      | Reached XP level 4. HP: 29/29 MP: 4/4
   984 | D:2      | Reached skill level 4 in Fighting
  1166 | D:2      | Found a hazy altar of Hepliaklqana.
  1542 | D:3      | Reached XP level 5. HP: 33/33 MP: 5/5
  1564 | D:3      | Noticed Purgy
  1572 | D:3      | Killed Purgy
  1572 | D:3      | Reached skill level 1 in Dodging
  1630 | D:3      | Found a faded altar of an unknown god.
  1670 | D:3      | Reached XP level 6. HP: 39/39 MP: 6/6
  2307 | D:4      | Found Qorcherphi's Magic Scroll Shoppe.
  2330 | D:4      | Got a scorched dagger
  2332 | D:4      | Identified the +8 dagger of Poanocw {pierce, +Fly rC++
                  | Dex-5 Stlth+} (You found it on level 4 of the Dungeon)
  2360 | D:4      | Reached skill level 5 in Fighting
  2360 | D:4      | Reached skill level 5 in Armour
  2422 | D:4      | Reached XP level 7. HP: 44/44 MP: 7/7
  2434 | D:4      | Reached skill level 6 in Fighting
  2434 | D:4      | Reached skill level 5 in Dodging
  2434 | D:4      | Reached XP level 8. HP: 25/52 MP: 7/13
  2489 | D:4      | Bought a scroll of identify for 26 gold pieces
  2491 | D:4      | Bought a scroll of identify for 26 gold pieces
  2491 | D:4      | Bought a scroll of identify for 26 gold pieces
  2491 | D:4      | Bought a scroll of identify for 26 gold pieces
  2491 | D:4      | Bought a scroll of remove curse for 39 gold pieces
  2606 | D:4      | You fall into a shaft and drop 2 floors!
  2615 | D:6      | Found a blossoming altar of Fedhas.
  2684 | D:6      | Reached skill level 7 in Fighting
  2877 | D:5      | Entered Level 5 of the Dungeon
  2888 | D:5      | Found Fobogiqe's Magic Scroll Shoppe.
  2925 | D:5      | Found an iron altar of Okawaru.
  2946 | D:5      | Found an ornate altar of the Wu Jian Council.
  3133 | D:5      | Found a runed translucent gate.
  3133 | D:5      | Found a runed translucent gate.
  3133 | D:5      | Found a runed translucent gate.
  3135 | D:5      | Noticed Borgoz's ghost (novice GrGl)
  3135 | D:5      | Noticed krystol's ghost (novice OpAs)
  3136 | D:5      | Noticed grouchysmurf's ghost (novice MiAK)
  3136 | D:5      | Noticed emiel's ghost (novice CeFi)
  3137 | D:5      | Noticed argonath's ghost (novice HOSk)
  3193 | D:5      | Found a sand-covered staircase.
  3200 | Ossuary  | Entered an ossuary
  3210 | Ossuary  | Reached XP level 9. HP: 46/57 MP: 14/14
  3472 | D:5      | Found a stormy altar of Qazlal.
  3479 | D:4      | Found a staircase to the Ecumenical Temple.
  3504 | D:4      | Noticed Blork the orc
  3512 | D:4      | Killed Blork the orc
  3539 | Temple   | Entered the Ecumenical Temple
  3766 | Temple   | Became a worshipper of Ashenzari the Shackled
  3868 | D:4      | Found Vaemm's Magic Scroll Emporium.
  3871 | D:4      | Bought a scroll of identify for 22 gold pieces
  3871 | D:4      | Bought a scroll of identify for 22 gold pieces
  4308 | D:5      | Noticed Menkaure
  4315 | D:5      | Killed Menkaure
  4510 | D:6      | Found a glowing silver altar of Zin.
  4577 | D:6      | Found a sparkling altar of Nemelex Xobeh.
  4770 | D:7      | Found a white marble altar of Elyvilon.
  4792 | D:7      | Noticed Dowan
  4793 | D:7      | Noticed Duvessa
  4802 | D:7      | Killed Duvessa
  4823 | D:7      | Killed Dowan
  4915 | D:7      | Noticed Harold
  4933 | D:7      | Killed Harold
  4933 | D:7      | Reached skill level 8 in Fighting
  4933 | D:7      | Reached skill level 1 in Stealth
  4933 | D:7      | Reached XP level 10. HP: 40/64 MP: 15/15
  4978 | D:7      | Noticed Prince Ribbit
  4978 | D:7      | Noticed a white ugly thing
  5005 | D:7      | Killed a white ugly thing
  5294 | D:7      | Noticed a moth of wrath
  5294 | D:7      | a komodo dragon changed into a moth of wrath
  5310 | D:7      | Killed a moth of wrath
  5423 | D:7      | Killed Prince Ribbit
  5443 | D:7      | Identified the Volume of the Helpful Volcanoes
  5447 | D:7      | Learned a level 1 spell: Confusing Touch
  5451 | D:7      | Learned a level 3 spell: Confuse
  5544 | D:7      | Reached skill level 10 in Armour
  5668 | D:7      | Noticed Jessica
  5673 | D:7      | Reached * piety under Ashenzari
  5674 | D:7      | Killed Jessica
  5679 | D:7      | Found a shimmering blue altar of Sif Muna.
  5798 | D:7      | Found a shadowy altar of Dithmenos.
  6118 | D:8      | Found the +7 Spriggan's Knife {stab, EV+4 Stlth+}
  6137 | D:8      | Found the +12 Vampire's Tooth {vamp}
  6146 | D:8      | Reached XP level 11. HP: 69/69 MP: 16/16
  6392 | D:8      | Found a snail-covered altar of Cheibriados.
  6409 | D:8      | Found a basalt altar of Yredelemnul.
  6812 | D:9      | Reached skill level 9 in Fighting
  6859 | D:9      | Found a staircase to the Lair.
  6904 | D:9      | Found a staircase to the Orcish Mines.
  6947 | Orc:1    | Entered Level 1 of the Orcish Mines
  6947 | Orc:1    | Noticed Jorgrun
  7012 | Orc:1    | Noticed an orc sorcerer
  7206 | D:9      | Found the +3 giant club "Skullcrusher" {speed, Str+7}
  7621 | D:10     | Entered Level 10 of the Dungeon
  7680 | D:10     | Found a flagged portal.
  7712 | Bailey   | Entered a bailey
  7728 | Bailey   | Noticed an orc knight
  7775 | Bailey   | Killed an orc knight
  7924 | Bailey   | Got the uncursed pair of gloves of Uskayaw's Scorn {Dex+3}
  7930 | Bailey   | Identified the +1 pair of gloves of Uskayaw's Scorn {Dex+3}
                  | (You found it in a bailey)
  8021 | D:10     | Reached ** piety under Ashenzari
  8021 | D:10     | Noticed Joseph
  8037 | D:10     | Killed Joseph
  8106 | D:10     | Noticed a two-headed ogre
  8120 | D:10     | Killed a two-headed ogre
  8636 | D:11     | Noticed Maurice
  8648 | D:11     | Killed Maurice
  8692 | D:11     | Found Mimne's Armour Boutique.
  8696 | D:11     | Reached XP level 12. HP: 77/77 MP: 18/18
  8840 | D:11     | Found an opulent altar of Gozag.
  9137 | D:11     | Noticed Nergalle
  9166 | D:11     | Killed Nergalle
  9421 | D:11     | Reached skill level 10 in Fighting
  9582 | D:11     | Reached skill level 5 in Stealth
  9881 | D:12     | Reached skill level 5 in Hexes
  9883 | D:12     | Reached skill level 5 in Spellcasting
  9919 | D:12     | Noticed a two-headed ogre
  9925 | D:12     | Killed a two-headed ogre
 10259 | D:12     | Reached XP level 13. HP: 83/83 MP: 20/20
 10495 | D:13     | Reached skill level 1 in Evocations
 10612 | D:13     | Found a sacrificial altar of Ru.
 10672 | D:13     | Got the uncursed ring mail "Qiazio" {rC+}
 10683 | D:13     | Identified the +6 ring mail "Qiazio" {rC+} (You found it on
                  | level 13 of the Dungeon)
 10962 | D:13     | Found a gate to the Vaults.
 10962 | D:13     | Noticed a vault guard
 10962 | D:13     | Noticed a vault guard
 10962 | D:13     | Noticed a vault guard
 10962 | D:13     | Noticed a vault guard
 10962 | D:13     | Noticed a vault guard
 10962 | D:13     | Noticed a vault guard
 11006 | D:13     | Killed a vault guard
 11017 | D:13     | Killed a vault guard
 11034 | D:13     | Noticed a vault guard
 11046 | D:13     | Killed a vault guard
 11061 | D:13     | Killed a vault guard
 11081 | D:13     | Killed a vault guard
 11081 | D:13     | Reached skill level 10 in Long Blades
 11122 | D:13     | Killed a vault guard
 11139 | D:13     | Noticed a vault guard
 11147 | D:13     | Killed a vault guard
 11172 | D:13     | Killed a vault guard
 12190 | D:14     | Reached skill level 11 in Fighting
 12229 | D:14     | Reached *** piety under Ashenzari
 12275 | D:14     | Gained mutation: Your large and strong wings let you fly
                  | indefinitely. [Gargoyle growth]
 12275 | D:14     | Reached XP level 14. HP: 90/90 MP: 21/21
 12697 | D:15     | Entered Level 15 of the Dungeon
 14038 | D:15     | Found a staircase to the Depths.
 14319 | D:5      | Killed argonath's ghost
 14319 | D:5      | Reached skill level 10 in Shields
 14326 | D:5      | Killed emiel's ghost
 14333 | D:5      | Killed krystol's ghost
 14346 | D:5      | Killed Borgoz's ghost
 14361 | D:5      | Killed grouchysmurf's ghost
 14525 | Lair:1   | Entered Level 1 of the Lair of Beasts
 14805 | Lair:1   | Noticed Urug
 14814 | Lair:1   | Killed Urug
 15627 | Lair:2   | Found a staircase to the Swamp.
 15792 | Lair:2   | Reached **** piety under Ashenzari
 15793 | Lair:2   | Found a hole to the Spider Nest.
 16097 | Lair:2   | Noticed Fannar
 16164 | Lair:2   | Killed Fannar
 16164 | Lair:2   | Reached XP level 15. HP: 95/95 MP: 22/22
 17058 | Lair:3   | Reached skill level 10 in Dodging
 17942 | Lair:4   | Reached ***** piety under Ashenzari
 18538 | Lair:5   | Found a staircase to the Slime Pits.
 19869 | Lair:6   | Entered Level 6 of the Lair of Beasts
 19882 | Lair:6   | Found a gate leading to a gauntlet.
 20060 | Lair:6   | Reached skill level 5 in Evocations
 20222 | Gauntlet | Entered a Gauntlet
 20222 | Gauntlet | Found a transporter.
 20227 | Gauntlet | Noticed a balrug
 20231 | Gauntlet | Found a transporter.
 20246 | Gauntlet | Found a runed translucent door.
 20251 | Gauntlet | Found a transporter.
 20272 | Gauntlet | Found a transporter.
 20285 | Gauntlet | Found a transporter.
 20300 | Gauntlet | Found a transporter.
 20327 | Gauntlet | Found a transporter.
 20327 | Gauntlet | Found a transporter.
 20334 | Gauntlet | Found a transporter.
 20363 | Gauntlet | Found a transporter.
 20363 | Gauntlet | Found a transporter.
 20385 | Gauntlet | Found a transporter.
 20490 | Gauntlet | Got the uncursed cloak of the Devil's Advocate {Slay+3}
 20508 | Gauntlet | Identified the +0 cloak of the Devil's Advocate {Slay+3}
                  | (You found it in a Gauntlet)
 20523 | Gauntlet | Reached skill level 12 in Fighting
 20579 | Gauntlet | Got the uncursed pair of boots of Noughts and Crosses
                  | {rElec rN+ Dex+3}
 20585 | Gauntlet | Identified the +0 pair of boots of Noughts and Crosses
                  | {rElec rN+ Dex+3} (You found it in a Gauntlet)
 20792 | Lair:6   | Noticed Sonja
 20903 | Lair:6   | Found a large runed translucent door.
 20904 | Lair:6   | Found a large runed translucent door.
 21049 | Lair:6   | Killed Sonja
 21882 | Lair:3   | Got the falchion "Puinoek" {slice, +Blink rPois rC- Int-2}
 21948 | Lair:3   | Identified the +8 falchion "Puinoek" {slice, +Blink rPois
                  | rC- Int-2} (You found it on level 3 of the Lair of Beasts)
 22131 | Lair:1   | Identified the +4 robe of Baldness {MR+ Str+5} (You found
                  | it on level 6 of the Lair of Beasts)
 22639 | D:5      | Bought a scroll of blinking for 90 gold pieces
 22812 | Orc:1    | Killed Jorgrun
 22948 | Orc:1    | Found Fapnun's Gadget Shoppe.
 23096 | Orc:1    | Found a roughly hewn altar of Beogh.
 23210 | Orc:2    | Entered Level 2 of the Orcish Mines
 23698 | Orc:2    | Found Hubboux's Gadget Emporium.
 23713 | Orc:2    | Reached XP level 16. HP: 103/103 MP: 23/23
 23730 | Orc:2    | Found a roughly hewn altar of Beogh.
 23877 | Orc:2    | Found Cooham's Weapon Shoppe.
 24180 | Orc:2    | Noticed Snorg
 24196 | Orc:2    | Killed Snorg
 24196 | Orc:2    | Reached skill level 15 in Armour
 24302 | Orc:2    | Found a staircase to the Elven Halls.
 24452 | Orc:2    | Got the dagger of Gloom {pierce, *Rage Int+6}
 24480 | Orc:2    | Found Cumoud's Book Boutique.
 24538 | Orc:2    | Found Zoliolasch's Book Shoppe.
 24596 | Orc:2    | Found a roughly hewn altar of Beogh.
 25433 | Swamp:1  | Entered Level 1 of the Swamp
 25895 | Swamp:1  | Reached skill level 13 in Fighting
 25933 | Swamp:1  | Noticed Frances
 26399 | Swamp:1  | Noticed a thorn hunter
 26428 | Swamp:1  | Killed a thorn hunter
 26475 | Swamp:1  | Killed Frances
 26943 | Swamp:2  | Noticed Kirke
 26990 | Swamp:2  | Killed Kirke
 27075 | Swamp:2  | Noticed a thorn hunter
 27103 | Swamp:2  | Killed a thorn hunter
 27372 | Swamp:2  | Reached XP level 17. HP: 109/109 MP: 24/24
 27383 | Swamp:2  | Found a runed translucent door.
 27393 | Swamp:2  | Noticed jt's ghost (journeyman GrFi)
 27399 | Swamp:2  | Identified the cursed +3 spear of Disarray {freeze, rElec
                  | rC+ Str+4}
 27404 | Swamp:2  | Found the +10 dark maul {crush}
 27829 | Swamp:2  | Killed jt's ghost
 27908 | Swamp:3  | Reached skill level 1 in Maces & Flails
 28041 | Swamp:3  | Noticed Aizul
 28064 | Swamp:3  | Reached skill level 5 in Maces & Flails
 28204 | Swamp:3  | Killed Aizul
 28275 | Swamp:3  | Reached skill level 14 in Fighting
 28614 | Swamp:3  | Noticed Donald
 28654 | Swamp:3  | Killed Donald
 28942 | Swamp:4  | Entered Level 4 of the Swamp
 29050 | Swamp:3  | Reduced skill Long Blades to level 10
 29058 | Swamp:3  | Reduced skill Long Blades to level 10
 29121 | Swamp:4  | Reached skill level 10 in Maces & Flails
 30006 | Swamp:4  | Got a decaying rune of Zot
 30304 | Spider:1 | Entered Level 1 of the Spider Nest
 30306 | Spider:1 | Reached XP level 18. HP: 117/117 MP: 25/25
 31236 | Spider:1 | Reached skill level 15 in Fighting
 31739 | Spider:1 | Reached skill level 1 in Short Blades
 32032 | Spider:2 | Found a runed translucent gate.
 32033 | Spider:2 | Found a runed translucent gate.
 32038 | Spider:2 | Found a runed translucent gate.
 32070 | Spider:2 | Noticed Cathule's ghost (journeyman TrHu)
 32070 | Spider:2 | Noticed Lihy's ghost (adept MiFi)
 32270 | Spider:2 | Killed Cathule's ghost
 32298 | Spider:2 | Killed Lihy's ghost
 32896 | Spider:4 | Entered Level 4 of the Spider Nest
 33798 | Spider:4 | Reached XP level 19. HP: 124/125 MP: 26/26
 34072 | Spider:4 | Got a gossamer rune of Zot
 34105 | Spider:4 | Reached skill level 5 in Short Blades
 34129 | Spider:4 | Reached skill level 16 in Fighting
 34549 | Vaults:1 | Entered Level 1 of the Vaults
 34996 | Vaults:1 | Found a runed translucent gate.
 34997 | Vaults:1 | Found a runed translucent gate.
 34997 | Vaults:1 | Noticed Muon Kaw's ghost (adept GnGl)
 34998 | Vaults:1 | Found a runed translucent gate.
 35303 | Vaults:1 | Found Borox's Gadget Shoppe.
 35449 | Vaults:1 | Found Get Hamp's Antique Armour Shop.
 36464 | Vaults:2 | Reached ****** piety under Ashenzari
 36697 | Vaults:2 | Found a runed translucent gate.
 36698 | Vaults:2 | Found a runed translucent gate.
 36698 | Vaults:2 | Found a runed translucent gate.
 36699 | Vaults:2 | Noticed Rov Woulue's ghost (adept MfTm)
 36781 | Vaults:2 | Reached XP level 20. HP: 132/132 MP: 27/27
 36993 | Vaults:2 | Found Wenougob's Distillery.
 37001 | Vaults:2 | Bought a potion of haste for 230 gold pieces
 37001 | Vaults:2 | Bought a potion of haste for 230 gold pieces
 37001 | Vaults:2 | Bought a potion of might for 92 gold pieces
 37001 | Vaults:2 | Bought a potion of might for 92 gold pieces
 37665 | Vaults:2 | Reached skill level 17 in Fighting
 37676 | Vaults:2 | HP: 4/134 [eidolon (8)]
 38058 | Vaults:2 | Killed Rov Woulue's ghost
 39229 | Vaults:3 | Found Fuptoof's Assorted Antiques.
 39242 | Vaults:3 | Bought a scroll of summoning for 380 gold pieces
 39242 | Vaults:3 | Bought a scroll labeled ODAATI HOINITA for 40 gold pieces
 39402 | Vaults:3 | Found a staircase to the Crypt.
 39638 | Vaults:3 | Found a portal to a secret trove of treasure.
 40341 | Vaults:2 | Bought a potion of curing for 69 gold pieces
 40341 | Vaults:2 | Bought 2 potions of curing for 138 gold pieces
 40462 | Vaults:4 | Reached XP level 21. HP: 140/140 MP: 28/28
 41657 | Vaults:4 | Reached skill level 15 in Dodging
 42220 | Vaults:4 | Found Sirovya's Antique Armour Shoppe.
 42308 | Vaults:4 | Reached skill level 18 in Fighting
 42760 | Vaults:1 | Killed Muon Kaw's ghost
 43113 | Elf:1    | Entered Level 1 of the Elven Halls
 43313 | Elf:1    | Reached skill level 10 in Short Blades
 43376 | Elf:1    | Found a frozen archway.
 43398 | IceCv    | Entered an ice cave
 43989 | Elf:1    | Identified Sif Muna's Almanac of the Escort
 44092 | Elf:1    | Noticed Louise
 44191 | Elf:1    | Killed Louise
 44270 | Elf:1    | Reached XP level 22. HP: 147/148 MP: 29/29
 44832 | Elf:2    | Cast into level 3 of the Abyss (+0 glaive of distortion)
 44870 | Elf:2    | Escaped the Abyss
 45266 | Elf:2    | Found a runed translucent gate.
 45266 | Elf:2    | Found a runed translucent gate.
 45267 | Elf:2    | Found a runed translucent gate.
 45267 | Elf:2    | Noticed Asterion
 45298 | Elf:2    | Killed Asterion
 45433 | Elf:2    | Reached skill level 15 in Shields
 46218 | Elf:3    | Entered Level 3 of the Elven Halls
 46772 | Elf:3    | Reached skill level 19 in Fighting
 46800 | Elf:3    | Identified the +9 halberd of the Ten Stories {holy, *Contam
                  | rElec MR++ Dex+3}
 46804 | Elf:3    | Identified the cursed +3 quarterstaff of Funall {crush,
                  | Int+3 Dex+2}
 47046 | Elf:3    | Got the uncursed helmet of Cezuil {+Blink Str+4}
 47065 | Elf:3    | Identified the +1 helmet of Cezuil {+Blink Str+4} (You
                  | found it on level 3 of the Elven Halls)
 47203 | Elf:3    | Identified the Disquisition on Mutagenic Augmentations
 47533 | Elf:3    | Reached XP level 23. HP: 155/155 MP: 30/30
 47604 | Elf:3    | Identified Ysydurr's Tome of Ice
 48369 | Vaults:3 | You paid a toll of 15 potions of curing to enter a treasure
                  | trove
 48370 | Trove    | Entered a treasure trove
 48374 | Trove    | Identified the +6 plate armour of Agnosticism {rPois rF+
                  | MR+ Dex-5}
 48384 | Trove    | Identified the cursed +0 hat "Xopp" {+Blink +Fly Regen+
                  | Stlth-}
 48385 | Trove    | Identified the cursed +1 leather armour of the Hunter
                  | {Str+6 Dex-4 Stlth+}
 48402 | Trove    | Identified the cursed +0 cloak "Saahady" {*Drain rElec
                  | SInv}
 48403 | Trove    | Identified the cursed +1 helmet "Obuol" {Dex+4}
 48403 | Trove    | Identified the cursed +2 pair of gloves of Anwocies {+Blink
                  | rC+ Int+3}
 48476 | Vaults:4 | Bought a ruby-encrusted scale mail for 351 gold pieces
 48476 | Vaults:4 | Identified the +2 scale mail "Ygetwo Ulytt" {Slay+3 SInv
                  | Stlth+} (You bought it in a shop on level 4 of the Vaults)
 48476 | Vaults:4 | Bought a pitted plate armour for 1092 gold pieces
 48476 | Vaults:4 | Identified the +2 plate armour of Valour {rF+++ rC- Regen+
                  | Int-5} (You bought it in a shop on level 4 of the Vaults)
 49191 | Vaults:5 | Entered Level 5 of the Vaults
 50019 | Vaults:5 | Found Zohol's Jewellery Boutique.
 50994 | Vaults:5 | Identified Fihowank's Incunabulum of Intoxication
 51213 | Vaults:5 | Noticed an ancient lich
 51233 | Vaults:5 | Killed an ancient lich
 51289 | Vaults:5 | Reached skill level 20 in Fighting
 51399 | Vaults:5 | Reached XP level 24. HP: 160/163 MP: 30/30
 51487 | Vaults:5 | Got a silver rune of Zot
 51863 | Vaults:5 | Found the +7 Kryia's mail coat {PotionHeal*2 rC+}
 51886 | Vaults:5 | Identified the Reference Book on Earth
 51960 | Vaults:5 | Identified the cursed +1 quarterstaff of Distraction {holy,
                  | rPois rF+ rC+ Str+4}
 52338 | Vaults:5 | Bought an uncursed amulet of rage for 640 gold pieces
 52338 | Vaults:5 | Bought the ring "Doukoen" {*Drain +Fly rElec rC+ Slay+5}
                  | for 862 gold pieces
 52863 | Crypt:1  | Entered Level 1 of the Crypt
 53286 | Crypt:1  | Identified the cursed +0 broad axe of Wealth {pain, rElec
                  | rF+ rC+}
 54985 | Crypt:2  | Found a runed translucent door.
 54986 | Crypt:2  | Noticed an ancient lich
 54995 | Crypt:2  | Killed an ancient lich
 54995 | Crypt:2  | Reduced skill Long Blades to level 10
 55037 | Crypt:2  | Reached skill level 15 in Maces & Flails
 55038 | Crypt:2  | Noticed Xtahua
 55047 | Crypt:2  | Killed Xtahua
 55244 | Crypt:2  | Noticed Mara
 55253 | Crypt:2  | Reached XP level 25. HP: 148/169 MP: 30/30
 55254 | Crypt:2  | Noticed Borgoz's illusion
 55466 | Crypt:3  | Entered Level 3 of the Crypt
 55901 | Crypt:3  | Found an ancient bone altar of Kikubaaqudgha.
 56077 | Crypt:3  | Reduced skill Long Blades to level 5
 56161 | Crypt:3  | Identified the +3 falchion of the Enemy {venom, rC+ rN+}
 56269 | Crypt:3  | Reached skill level 21 in Fighting
 56397 | Crypt:3  | Noticed Khufu
 57329 | Crypt:3  | Found the +7 sceptre of Torment {pain, torment}
 57386 | Crypt:3  | Killed Khufu
 57741 | Crypt:3  | Found a staircase to the Tomb.
 57848 | Crypt:2  | Noticed Borgoz's illusion
 57849 | Crypt:2  | Killed Mara
 58001 | Crypt:2  | Noticed Frederick
 58009 | Crypt:2  | Killed Frederick
 58388 | Lair:1   | Identified the +6 dagger of Gloom {pierce, *Rage Int+6}
                  | (You found it on level 2 of the Orcish Mines)
 58764 | Tomb:1   | Entered Level 1 of the Tomb of the Ancients
 59450 | Tomb:1   | Noticed a greater mummy
 59454 | Tomb:1   | Killed a greater mummy
 59454 | Tomb:1   | Reached XP level 26. HP: 177/177 MP: 30/30
 59644 | Tomb:2   | Noticed a greater mummy
 59645 | Tomb:2   | Noticed a greater mummy
 59645 | Tomb:2   | Noticed a greater mummy
 59646 | Tomb:2   | Noticed a greater mummy
 59651 | Tomb:2   | Killed a greater mummy
 60376 | Tomb:3   | Entered Level 3 of the Tomb of the Ancients
 60399 | Tomb:3   | Noticed Mennas
 60400 | Tomb:3   | Noticed a greater mummy
 60403 | Tomb:3   | Noticed a greater mummy
 60405 | Tomb:3   | Identified the +2 falchion "Death Rattle" {vamp, Str+6}
 60405 | Tomb:3   | Identified the +4 great mace "Conservator" {flame, +Rage
                  | rF+ rC+}
 60405 | Tomb:3   | Identified the +5 battleaxe of the Eleven Dreams {holy,
                  | rElec rF- rN+++ Str-5}
 60405 | Tomb:3   | Identified the +7 lajatang of Death's Door {protect,
                  | *Corrode rC+ MR+ SInv}
 60405 | Tomb:3   | Identified the +8 spear of Focus {pain, rPois MR- Dex+6}
 60405 | Tomb:3   | Identified the +5 arbalest of Evolution {elec, +Blink rPois
                  | Int-4 Stlth+}
 60405 | Tomb:3   | Found the +6 Majin-Bo {vamp, Archmagi MP+6 Int+6}
 60406 | Tomb:3   | Identified the amulet of Liyrr {+Rage rElec MR+ Str-4
                  | Slay+5}
 60441 | Tomb:3   | HP: 7/179 [death scarab (14)]
 60447 | Tomb:3   | Killed from afar by a smoke demon

Levels and vault maps discovered:
D:1:      dpeg_arrival_court, layout_basic, serial_forest,
          infiniplex_forest_lined_room_, infiniplex_forest_lined_room_2,
          infiniplex_forest_clump_small, infiniplex_forest_lined_room_2,
          infiniplex_forest_straight_5, infiniplex_forest_clump_double
D:2:      layout_loops_cross, nicolae_overflow_crystal_walls, first_ration
D:3:      layout_basic, chequers_ecumenical_altar_simple, uniq_purgy
D:4:      layout_basic, minmay_temple_entry_mist, serial_shops,
          nicolae_shop_behind_doors, kennysheep_windowed_goal,
          uniq_blork_the_orc
D:5:      minmay_general_purpose_star, layout_cave_pools,
          overflow_temple_1_default, lemuel_round_altar, kennysheep_mini,
          serial_shops, shop, serial_column_ruins, column_ruins_square_large,
          column_ruins_grid_1, column_ruins_columns_dead_end,
          column_ruins_open_tiny, gammafunk_ghost_cemetery,
          nicolae_ossuary_entry_ruins, minmay_misc_feat_five, minivault_1,
          lemuel_old_faithful, uniq_menkaure
D:6:      layout_rooms, lemuel_round_altar, fedhas_altar_1,
          nemelex_xobeh_ov_fountains_minmay
D:7:      minmay_the_grid_octo_tiled_squarecenter
          [minmay_the_grid_octo_clover_2, minmay_the_grid_octo_teeth,
          minmay_the_grid_octo_focus, minmay_the_grid_octo_checkered,
          minmay_the_grid_square_5x5_megaprize_diamond,
          minmay_the_grid_square_5x5_two_walls_b,
          minmay_the_grid_square_5x5_pentomino_r,
          minmay_the_grid_square_5x5_shrine2,
          minmay_the_grid_square_5x5_bracketed], layout_basic,
          old_standard_altar, tgw_sif, overflow_temple_1_default, uniq_duvessa,
          uniq_harold, uniq_prince_ribbit1
D:8:      layout_loops_cross, chequers_temple_overflow_statue_of_worship
D:9:      layout_loops_ring, minmay_lair_entry_grove,
          minmay_orc_entry_guard_dogs, grunt_pizzeria
D:10:     layout_rooms, enter_bailey_7, roderic_roman_lattice, uniq_joseph
D:11:     layout_roguey, serial_shops, nicolae_shop_statue_plus, basic_altar,
          kennysheep_cross_room, uniq_maurice, uniq_nergalle
D:12:     layout_big_octagon, serial_column_ruins, column_ruins_columns_corner,
          column_ruins_open_small, column_ruins_open_tiny,
          column_ruins_corridor_water, column_ruins_open_small_water,
          column_ruins_open_tiny
D:13:     layout_long_grid, erik_vaults_2, nicolae_ru_the_path_less_chosen
D:14:     layout_basic, chequers_serial_rivers_micro_b
D:15:     gammafunk_enter_depths_forms, layout_cave_pools, chequers_mini_garden,
          minivault_20, grunt_ministairs_12
Temple:   dpeg_chambers_temple
Lair:1:   layout_chaotic_city, minmay_holes, serial_bayou_shore_b, uniq_urug
Lair:2:   layout_regular_city, swamp_mist_pool, spider_nest_entry_a, uniq_fannar
Lair:3:   layout_regular_city, grunt_forest_large_clearing_hut,
          serial_bayou_shore_b, lemuel_fruit_fields,
          infiniplex_staircase_pool_2, minmay_lair_oklob_chamber
Lair:4:   layout_cave_pods, beast_lair_carwin_8
Lair:5:   layout_regular_city, nicolae_slime_entry_slimehenge,
          serial_bayou_shore_a
Lair:6:   cheibrodos_lair_end_hotspot, layout_misc_corridors,
          gauntlet_entry_generic, serial_bayou_lagoon_a,
          small_statue_intersection, columned_hall_lemuel, uniq_sonja
Swamp:1:  layout_basic_swamp, evilmike_swamp_ruin_house_6, swamp_pool2,
          uniq_frances
Swamp:2:  layout_basic_swamp, ebering_ghost_funeral_grove,
          nicolae_swamp_stair_fork, uniq_kirke
Swamp:3:  layout_falls_marsh, serial_swamp_ruin, evilmike_swamp_ruin_rubble_1,
          evilmike_swamp_ruin_wall, swamp_pool5, uniq_donald, uniq_aizul
Swamp:4:  swamp, layout_basic_swamp
Spider:1: layout_spider_delve
Spider:2: layout_spider_delve, gammafunk_ghost_cemetery
Spider:3: layout_spider_delve, nicolae_spider_cling_halls
Spider:4: spider_rune_water
Orc:1:    layout_diamond_mine, serial_shops, shop, basic_altar, uniq_jorgrun
Orc:2:    pubby_orc_utopia, uniq_snorg
Elf:1:    minmay_elf_arrival_plus, layout_gridlike,
          portal_ice_cave_entry_pillars_2, minmay_elf_demonology, uniq_louise
Elf:2:    layout_geoelf_grid, uniq_asterion
Elf:3:    grunt_elf_hall_diamonds, layout_geoelf_diagonals, minivault_20,
          minivault_27
Vaults:1: gammafunk_vaults_ghost_split, hangedman_vaults_capsules,
          vaults_room_ringed_pool, v_misc_26, grunt_vaults_bifocal, v_misc_3,
          vaults_mumra_minichess, grunt_vaults_diagonal, vaults_room_large_hall,
          ontoclasm_vaults_pinch, vaults_room_pool, v_pattern_1,
          vaults_room_pools, layout_vaults_omnicross, serial_shops,
          nicolae_shop_behind_doors, shop_fountains
Vaults:2: gammafunk_vaults_ghost_spectres, nicolae_vaults_little_squares_6,
          vaults_room_semicircle, nicolae_vaults_stairing_the_circle,
          nicolae_vaults_hallways_thing, nicolae_vaults_little_squares_2,
          st_octagons_2, hangedman_vaults_trim, vaults_room_semicircle,
          vaults_dpeg_spiral, vaults_mumra_minichess_inversion,
          layout_vaults_ring, serial_shops, nicolae_shop_statue_plus
Vaults:3: nicolae_vaults_ring_of_whatevers, vaults_room_grid,
          minmay_crypt_entry_simple_round, v_misc_12, vaults_dpeg_cross,
          nicolae_vaults_windows_and_doors_thing,
          nicolae_vaults_border_crossing, layout_vaults_quadrants, serial_shops,
          nicolae_shop_window_shopping, enter_trove_2
Vaults:4: vaults_room_octagon, vaults_room_door_ring, v_misc_1,
          hangedman_vaults_stream, v_misc_13, grunt_vaults_hallway_long,
          nicolae_vaults_gold_heap, nicolae_vaults_little_squares_6,
          st_spiral_rooms, vaults_room_fancy_cross, v_misc_33,
          nicolae_vaults_little_squares_6, v_misc_1,
          nicolae_vaults_shelves_hall, nicolae_vaults_back_hallway,
          layout_vaults_maze_snakey, serial_shops, shop
Vaults:5: serial_shops
Crypt:1:  hangedman_staggered_hall, layout_misc_corridors
Crypt:2:  cheibrodos_crypt_cold_storage, layout_chaotic_city, uniq_mara,
          uniq_frederick, uniq_xtahua
Crypt:3:  grunt_crypt_end_deaths_head
Tomb:1
Tomb:2
Tomb:3:   uniq_mennas

Skill      XL: |  1  2  3  4  5  6  7  8  9 10 11 12 13 14 15 16 17 18 19 20 21 22 23 24 25 26 |
---------------+-------------------------------------------------------------------------------+-----
Long Blades    | 2 3 6 7 8 9 10 11 12 13 10 9 5 |  5.9
Fighting       | 4 5 6 7 8 9 10 11 12 13 14 15 16 17 18 19 20 21 | 21.6
Armour         | 4 5 8 9 10 11 12 13 14 15 16 17 18 19 20 | 20.4
Dodging        | 1 5 6 7 8 9 10 11 12 13 14 15 16 17 18 | 18.0
Shields        | 4 6 7 8 9 10 11 12 13 14 15 14 11 | 11.1
Spellcasting   | 3 4 5 |  5.0
Hexes          | 3 4 5 6 7 |  7.3
Stealth        | 1 2 4 5 |  5.0
Evocations     | 2 4 5 |  5.0
Maces & Flails | 10 11 12 13 15 18 20 | 20.6
Short Blades   | 4 6 8 10 11 12 13 | 13.2

Action                   |  1- 3 |  4- 6 |  7- 9 | 10-12 | 13-15 | 16-18 | 19-21 | 22-24 | 25-27 || total
-------------------------+-------+-------+-------+-------+-------+-------+-------+-------+-------++-------
Melee: Long sword        |   105 |   156 |       |       |    56 |       |       |       |       ||   317
       Dagger            |       |    25 |   345 |   264 |       |       |       |       |       ||   634
       Quick blade       |       |       |       |   909 |  2457 |  3223 |  3650 |  2531 |       || 12770
       Falchion          |       |       |       |    65 |     1 |       |       |   476 |       ||   542
       Unarmed           |       |       |       |       |       |     9 |       |       |       ||     9
       Maul              |       |       |       |       |       |    25 |       |    66 |   467 ||   558
Throw: Throwing net      |       |       |       |       |     3 |     1 |       |       |       ||     4
 Cast: Confusing Touch   |       |       |       |       |       |     1 |     5 |     1 |       ||     7
Invok: Curse Item        |       |       |       |       |     3 |       |       |     9 |       ||    12
       Transfer Knowledg |       |       |       |       |       |     1 |       |     1 |     2 ||     4
 Abil: Fly               |       |       |       |       |     1 |       |       |       |       ||     1
       Evoke Blink       |       |       |       |       |     2 |       |       |       |       ||     2
Evoke: Wand              |       |       |       |    21 |     1 |     3 |    14 |       |       ||    39
  Use: Potion            |       |     1 |     5 |     7 |       |     1 |       |       |    10 ||    24
       Scroll            |       |       |    11 |     7 |    14 |     4 |     2 |     6 |     7 ||    51
 Stab: Sleeping          |       |     1 |     3 |     7 |    16 |    12 |     5 |    10 |     1 ||    55
       Invisible         |       |       |       |    11 |       |       |       |       |     3 ||    14
       Distracted        |       |       |       |     2 |     3 |     1 |     2 |     2 |     2 ||    12
       Held in net/web   |       |       |       |       |     3 |     4 |       |       |       ||     7
       Confused          |       |       |       |       |       |    10 |    11 |     2 |       ||    23
  Eat: Chunk             |       |     5 |     9 |    26 |    45 |    27 |    29 |    22 |       ||   163
       Ration            |       |       |       |       |       |     2 |     2 |     4 |     7 ||    15
Armor: Scale mail        |    52 |    62 |       |       |       |       |       |   536 |   562 ||  1212
       Troll leather arm |       |    24 |   117 |   261 |     5 |       |       |       |       ||   407
       Ring mail         |       |       |       |       |   477 |   771 |   416 |   150 |       ||  1814
       Quicksilver drago |       |       |       |       |    22 |       |       |       |       ||    22
Dodge: Dodged            |    36 |    46 |   115 |   421 |   657 |  1604 |   893 |  1479 |  2091 ||  7342
Block: Shield            |    57 |    88 |   161 |   494 |   817 |  2071 |  1546 |  1567 |       ||  6801
       Reflection        |       |       |       |       |       |    19 |    99 |    60 |       ||   178
       Other             |       |       |       |       |       |    38 |       |       |       ||    38
       Rpst.: Long sword |     8 |    14 |       |       |     5 |       |       |       |       ||    27
       Falchion          |       |       |       |     3 |       |       |       |    88 |       ||    91

Table legend:
 A = Non-vault XP
 B = Vault XP
 C = Vault XP percentage of total XP
 D = Non-vault monster count
 E = Vault monster count
 F = Vault count percentage of total count
                 A         B        C        D         E       F
            +---------+---------+-------+---------+---------+-------
      Total |  527713 |  632113 |  54.5 |    1417 |     978 |  40.8
            +---------+---------+-------+---------+---------+-------
        D:1 |      45 |       0 |   0.0 |      27 |       0 |   0.0
        D:2 |      81 |       0 |   0.0 |      20 |       0 |   0.0
        D:3 |     147 |     134 |  47.7 |      23 |       1 |   4.2
        D:4 |     369 |     299 |  44.8 |      21 |       4 |  16.0
        D:5 |     344 |    2661 |  88.6 |      22 |       9 |  29.0
        D:6 |     707 |       0 |   0.0 |      26 |       0 |   0.0
        D:7 |    1423 |    4349 |  75.3 |      29 |      31 |  51.7
        D:8 |     739 |       0 |   0.0 |      21 |       0 |   0.0
        D:9 |    1124 |    2517 |  69.1 |      29 |      17 |  37.0
       D:10 |    2146 |     480 |  18.3 |      28 |       5 |  15.2
       D:11 |    5978 |    1234 |  17.1 |      47 |       2 |   4.1
       D:12 |    7128 |       0 |   0.0 |      47 |       0 |   0.0
       D:13 |    8196 |    7960 |  49.3 |      43 |       8 |  15.7
       D:14 |   11631 |       0 |   0.0 |      49 |       0 |   0.0
       D:15 |   12187 |    5810 |  32.3 |      36 |      15 |  29.4
     Lair:1 |    2338 |     835 |  26.3 |      11 |       1 |   8.3
     Lair:2 |    5658 |    1314 |  18.8 |      25 |       2 |   7.4
     Lair:3 |    2379 |    4511 |  65.5 |      12 |      11 |  47.8
     Lair:4 |    2858 |    2203 |  43.5 |       5 |      10 |  66.7
     Lair:5 |    3635 |      92 |   2.5 |      21 |       3 |  12.5
     Lair:6 |    5520 |    8501 |  60.6 |      17 |      26 |  60.5
    Swamp:1 |   13805 |    2095 |  13.2 |      33 |       1 |   2.9
    Swamp:2 |   20949 |    6626 |  24.0 |      55 |      11 |  16.7
    Swamp:3 |   13823 |    9691 |  41.2 |      35 |      12 |  25.5
    Swamp:4 |   15294 |   14043 |  47.9 |      21 |      20 |  48.8
   Spider:1 |   23045 |       0 |   0.0 |      57 |       0 |   0.0
   Spider:2 |   10081 |    4051 |  28.7 |      23 |       2 |   8.0
   Spider:3 |   13771 |       0 |   0.0 |      38 |       0 |   0.0
   Spider:4 |   18966 |   21526 |  53.2 |      41 |      41 |  50.0
      Orc:1 |    3089 |    2841 |  47.9 |      30 |       1 |   3.2
      Orc:2 |       0 |   21239 | 100.0 |       0 |     148 | 100.0
      Elf:1 |   31675 |    8981 |  22.1 |      46 |      13 |  22.0
      Elf:2 |   27257 |   25612 |  48.4 |      44 |      29 |  39.7
      Elf:3 |   14350 |   37382 |  72.3 |      28 |      32 |  53.3
   Vaults:1 |   32355 |   15209 |  32.0 |      63 |      25 |  28.4
   Vaults:2 |   14713 |   45667 |  75.6 |      24 |      55 |  69.6
   Vaults:3 |   29250 |   23595 |  44.6 |      46 |      22 |  32.4
   Vaults:4 |   42125 |   50954 |  54.7 |      65 |      55 |  45.8
   Vaults:5 |   31234 |   94390 |  75.1 |      43 |      53 |  55.2
    Crypt:1 |   45428 |   16321 |  26.4 |      64 |      25 |  28.1
    Crypt:2 |   28870 |   27860 |  49.1 |      36 |      10 |  21.7
    Crypt:3 |     219 |   81228 |  99.7 |       1 |     124 |  99.2
     Tomb:1 |   18040 |   26959 |  59.9 |      52 |      29 |  35.8
     Tomb:2 |    2251 |   23767 |  91.3 |       6 |      17 |  73.9
     Tomb:3 |    2490 |   17740 |  87.7 |       7 |      23 |  76.7
    Ossuary |       0 |     262 | 100.0 |       0 |      15 | 100.0
     Bailey |       0 |    1604 | 100.0 |       0 |      32 | 100.0
      IceCv |       0 |    6456 | 100.0 |       0 |      29 | 100.0
   Gauntlet |       0 |    3114 | 100.0 |       0 |       9 | 100.0
            +---------+---------+-------+---------+---------+-------
